 Dungeon Crawl Stone Soup version 0.27-a0-1228-gfd60fd639a (webtiles) character file.

Game seed: 10508952305094285170

1005 robertstho the Magician (level 8, -1/56 HPs)
             Began as a Djinni Fire Elementalist on June 7, 2021.
             Slain by a howler monkey (7 damage)
             ... on level 5 of the Dungeon.
             The game lasted 00:05:48 (5527 turns).

robertstho the Magician (Djinni Fire Elementalist)  Turns: 5527, Time: 00:05:49

Health: -1/56      AC:  3    Str:  7    XL:     8   Next: 44%
Gold:   344        EV: 12    Int: 19    God:
                   SH:  0    Dex: 14

rFire    + + .     SeeInvis .   q - +2 short sword (venom)
rCold    x . .     Faith    .   (no shield)
rNeg     . . .     Spirit   .   a - +0 robe
rPois    ∞         Reflect  .   (no helmet)
rElec    .         Harm     .   (no cloak)
rCorr    .         Rampage  .   c - +0 pair of gloves
Will     .....                  (boots unavailable)
Stlth    ++........             (no amulet)
HPRegen  0.18/turn              (no ring)
MPRegen  0.00/turn              (no ring)

@: flying, very slightly contaminated
A: sickness immunity, fire resistance 2, cold vulnerability 1, float, innate
caster, hp casting, extra vitality 1
a: no special abilities


You were on level 5 of the Dungeon.
You visited 1 branch of the dungeon, and saw 5 of its levels.

You collected 424 gold pieces.
You spent 80 gold pieces at shops.

Inventory:

Hand Weapons
 b - a +0 flail
 q - a +2 short sword of venom (weapon)
 r - a +2 dagger of electrocution
Missiles
 p - 8 atropa-tipped darts
Armour
 a - a +0 robe (worn)
 c - a +0 pair of gloves (worn)
Jewellery
 g - a ring of ice
 h - a ring of poison resistance
 m - the necklace of Bloodlust {*Rage +Rage Will++ Int-3 Slay+6}
   (You found it on level 4 of the Dungeon)

   [amulet of nothing]

   It affects your intelligence (-3).
   It affects your accuracy and damage with ranged weapons and melee attacks
   (+6).
   It lets you go berserk.
   It may make you go berserk in combat.
   It greatly increases your willpower.
 s - a ring of fire
 t - an amulet of faith
Scrolls
 f - a scroll of immolation {unknown}
 i - a scroll of fog {unknown}
 l - a scroll of identify {unknown}
 u - a scroll of enchant armour {unknown}
Potions
 d - 5 potions of curing
 e - a potion of heal wounds
 j - a potion of flight {unknown}
 k - a potion of magic {unknown}
 n - a potion of cancellation {unknown}
 o - a potion of brilliance {unknown}
 v - a potion of degeneration {unknown}
 w - a potion of attraction {unknown}


   Skills:
 * Level 3.0 Fighting
 + Level 2.8 Dodging
 + Level 2.7 Stealth
 * Level 6.6 Spellcasting


You couldn't memorise any spells.
You knew the following spells:

 Your Spells              Type           Power      Damage    Failure   Level
a - Foxfire               Conj/Fire      100%       2x1d9     1%          1
b - Conjure Flame         Conj/Fire      31%        6-21      1%          3
c - Inner Flame           Hex/Fire       31%        N/A       1%          3
d - Sticky Flame          Conj/Fire      31%        2d5       7%          4
e - Fireball              Conj/Fire      15%        3d8       19%         5
f - Apportation           Tloc           62%        N/A       1%          1
g - Call Imp              Summ           31%        N/A       1%          2
h - Stone Arrow           Conj/Erth      62%        3d10      1%          3
Your spell library was empty.

Dungeon Overview and Level Annotations

Branches:
Dungeon (5/15)
 Temple: D:4-7

Altars:
Okawaru

Shops:
D:1 (!(   D:4 *(

Annotations:
D:2 1 runed translucent door, Crazy Yiuf


Innate Abilities, Weirdness & Mutations

You are immune to sickness and miasma.
You are immune to poison.
Your flesh is very heat resistant. (rF++)
You are vulnerable to cold. (rC-)
You float through the air rather than walking.
You learn spells naturally, not from books.
Your magical power is your life essence.
You have superior vitality. (+4 HP)


Message History

The howler monkey hoots and howls with incredible vigour!
Casting: Sticky Flame (dangerous; 8% risk of failure)
Confirm with . or Enter, or press ? or * to list all spells.
Aiming: Sticky Flame (dangerous; 8% risk of failure)
Press: ? - help, Shift-Dir - straight line You miscast Sticky Flame.
You are very lightly contaminated with residual magic.
Fire whirls out from your hands. You resist.
* * * LOW HITPOINT WARNING * * *
x2 Something hits you.
* * * LOW HITPOINT WARNING * * *
Something shocks you.
* * * LOW HITPOINT WARNING * * *
You feel much better. Something hits you. Something shocks you.
* * * LOW HITPOINT WARNING * * *
Casting: Sticky Flame (dangerous; 8% risk of failure)
Confirm with . or Enter, or press ? or * to list all spells.
Aiming: Sticky Flame (dangerous; 8% risk of failure)
Press: ? - help, Shift-Dir - straight line The sticky flame hits something.
The sky beast is covered in liquid flames!
* * * LOW HITPOINT WARNING * * *
The sky beast burns!
You kill the sky beast!
Reactivating autopickup.
Your Fighting skill increases to level 3!
Casting: Sticky Flame (dangerous; 7% risk of failure)
Confirm with . or Enter, or press ? or * to list all spells.
Aiming: Sticky Flame (dangerous; 7% risk of failure)
Press: ? - help, Shift-Dir - straight line, f - howler monkey
Aim: a howler monkey (100% to hit)
The sticky flame hits the howler monkey.
The howler monkey is moderately wounded.
The howler monkey is covered in liquid flames!
* * * LOW HITPOINT WARNING * * *
The howler monkey burns!
The howler monkey hoots and howls with incredible vigour!
The howler monkey burns!
The howler monkey burns!
The howler monkey hits you!
You die...

####.# #.......
#.# #.######
#.####.######
#>...........
##...........
#.#.######..
#.#.######..
#######.#.....##..
#@..........(.....
#h###########.#...
#.# #.#... #.#
#.#... #†# #.....
#.# #+##.# #.#
.[.... #.# ####
.....♣ #.# .....
..(...


You could see a howler monkey (burning, catching breath).

Vanquished Creatures
  Menkaure (D:4)
  Duvessa (D:4)
  A water moccasin (D:4)
  A sky beast (D:5)
  An ogre (D:5)
  A scorpion (D:4)
  Dowan (D:4)
  A bullfrog zombie (D:5)
  A gnoll shaman (D:4)
  Natasha (twice) (D:4)
  4 iguanas
  8 gnolls
  4 adders
  An adder skeleton (D:5)
  2 orcs (D:5)
  2 bats
  6 endoplasms
  6 giant cockroaches
  8 goblins
  3 hobgoblins
  3 quokkas
  4 ball pythons
  2 frilled lizards
  8 kobolds
  5 rats
77 creatures vanquished.

Vanquished Creatures (others)
  448 foxfires
448 creatures vanquished.

Grand Total: 525 creatures vanquished

Notes
Turn   | Place    | Note
-------+----------+-------------------------------------------
     0 | D:1      | robertstho the Djinni Fire Elementalist began the quest for
                  | the Orb.
     0 | D:1      | Reached XP level 1. HP: 15/15 MP: 0/0
    77 | D:1      | Found a faded altar of an unknown god.
   433 | D:1      | Reached XP level 2. HP: 11/22 MP: 0/0
   632 | D:1      | Reached skill level 3 in Spellcasting
   632 | D:1      | Reached XP level 3. HP: 16/26 MP: 0/0
   632 | D:1      | Learned a level 1 spell: Apportation
   814 | D:1      | Found Kimeox's Weapon Boutique.
  1187 | D:1      | Found Genai's Distillery.
  1195 | D:1      | Bought a potion of curing for 30 gold pieces
  1195 | D:1      | Bought a potion of heal wounds for 50 gold pieces
  1197 | D:1      | Found Mukkerys's Antique Weapon Shop.
  2100 | D:2      | Reached skill level 1 in Fighting
  2100 | D:2      | Reached XP level 4. HP: 17/32 MP: 0/0
  2440 | D:2      | Reached XP level 5. HP: 30/37 MP: 0/0
  2440 | D:2      | Learned a level 2 spell: Call Imp
  2674 | D:2      | Found a runed translucent door.
  2675 | D:2      | Noticed Crazy Yiuf
  3058 | D:2      | Reached skill level 4 in Spellcasting
  3642 | D:3      | You are sucked into a shaft and drop 2 floors!
  3642 | D:5      | Entered Level 5 of the Dungeon
  3685 | D:5      | Noticed an ogre
  3692 | D:5      | Killed an ogre
  3693 | D:5      | Reached XP level 6. HP: 36/42 MP: 0/0
  3755 | D:5      | Found an iron altar of Okawaru.
  3875 | D:5      | Noticed a water moccasin
  3884 | D:4      | Killed a water moccasin
  3885 | D:4      | Reached skill level 5 in Spellcasting
  3969 | D:4      | Reached XP level 7. HP: 46/49 MP: 0/0
  3969 | D:4      | Learned a level 3 spell: Stone Arrow
  4204 | D:4      | Found the necklace of Bloodlust {*Rage +Rage Will++ Int-3
                  | Slay+6}
  4240 | D:4      | Found Esecyfur's Assorted Antiques.
  4267 | D:4      | Found Atyxzox's Weapon Shoppe.
  4312 | D:4      | Noticed Natasha
  4316 | D:4      | Killed Natasha
  4333 | D:4      | Noticed Duvessa
  4333 | D:4      | Noticed Dowan
  4343 | D:4      | Killed Duvessa
  4346 | D:4      | Killed Dowan
  4621 | D:4      | Noticed Menkaure
  4627 | D:4      | Killed Menkaure
  4628 | D:4      | Reached skill level 6 in Spellcasting
  4725 | D:4      | Reached XP level 8. HP: 48/55 MP: 0/0
  5105 | D:4      | Noticed Natasha
  5126 | D:4      | Killed Natasha
  5527 | D:5      | Slain by a howler monkey

Illustrated notes

Levels and vault maps discovered:
D:1:      sevenhm_arrival_forest_fort_small_4, layout_loops_corners,
          serial_shops, nicolae_shop_stone, shop_coins, shop,
          basic_ecumenical_altar, corexii_hall_statues_t
D:2:      layout_basic, uniq_crazy_yiuf_cottage
D:3:      layout_basic, elyvilon_altar_3, chequers_serial_rivers_micro_c,
          supply_closet_lemuel
D:4:      layout_gridville, serial_shops, shop, shop_fountains,
          kennysheep_small_square, uniq_duvessa, uniq_natasha, uniq_menkaure
D:5:      layout_basic, okawaru_trees_1, grunt_ministairs_10

Skill      XL: |  1  2  3  4  5  6  7  8 |
---------------+-------------------------+-----
Spellcasting   | 3 4 5 6 |  6.6
Fighting       | 1 2 3 |  3.0
Stealth        | 2 |  2.7
Dodging        | |  2.8

Action                   |  1- 3 |  4- 6 |  7- 9 || total
-------------------------+-------+-------+-------++-------
Melee: Short sword       |       |       |     4 ||     4
 Cast: Foxfire           |    70 |    97 |   101 ||   268
       Sticky Flame      |       |       |     3 ||     3
  Use: Potion            |       |       |     1 ||     1
 Stab: Sleeping          |       |       |     1 ||     1
Armor: Robe              |     3 |     3 |     1 ||     7
Dodge: Dodged            |     2 |    10 |    18 ||    30

Table legend: (Time is in decaauts)
 A = Elapsed time spent in this place.
 B = Non-inter-level travel time spent in this place.
 C = Inter-level travel time spent in this place.
 D = Time resting spent in this place.
 E = Time spent auto-exploring this place.
 F = Levels seen in this place.
 G = Mean time per level.
                   A        B        C        D        E       F      G
               +--------+--------+--------+--------+--------+-----+--------+
         Total |   5525 |   5393 |    132 |      0 |   4850 |   5 | 1105.0 |
       Dungeon |   5525 |   5393 |    132 |      0 |   4850 |   5 | 1105.0 |
               +--------+--------+--------+--------+--------+-----+--------+

Top non-repeatable levels by time:
     D:1: 1920 daAuts
     D:2: 1511 daAuts
     D:4: 1478 daAuts
     D:5: 406 daAuts
     D:3: 208 daAuts
